Map: Глубоководный риф РВ

Players

DrunkenSCV - Winner!

  • Race: Terran Terran
  • League: Master
  • Spawn Location: 11:00

jeysen

  • Race: Protoss Protoss
  • League: Master
  • Spawn Location: 5:00

VOD

Have the link to the VOD?

Description

Time

  • Played on: Dec. 9, 2017, 12:24 p.m.
  • Length: 10:30
Show
View Real Time Build Order
Export as new Build Order

DrunkenSCV Terran - Winner!

Build Orders: Reaper Expand, MMM Bio 

Get SALT Encoding   

  12  0:00  SCV  
  13  0:13  SCV  
  14  0:17  Supply Depot  
  14  0:25  SCV  
  15  0:38  SCV  
  15  0:40  Barracks  
  16  0:44  Refinery  
  16  0:50  SCV  
  17  1:03  SCV  
  18  1:15  SCV  
  19  1:27  Orbital Command  
  19  1:28  Reaper  
  20  1:42  Command Center  
  20  1:52  SCV  
  21  1:56  Barracks  
  21  2:01  Barracks Reactor  
  21  2:05  SCV  
  22  2:09  Supply Depot  
  22  2:17  SCV  
  22  2:21  Barracks  
  23  2:31  SCV  
  23  2:37  Marine x2  
  23  2:43  SCV, Barracks Tech Lab  
  26  2:54  Engineering Bay  
  26  2:55  SCV  
  26  2:56  Orbital Command  
  26  2:57  Marine x2  
  29  3:03  Marauder  
  31  3:07  SCV  
  32  3:13  Stimpack  
  32  3:18  Marine x2  
  32  3:19  Marine  
  33  3:20  SCV  
  34  3:27  Terran Infantry Weapons Level 1  
  34  3:28  SCV  
  34  3:32  SCV  
  36  3:36  Marine, Marauder  
  36  3:38  Marine  
  40  3:43  SCV  
  40  3:44  Supply Depot  
  40  3:45  SCV  
  42  3:52  Refinery  
  42  3:55  SCV  
  43  3:56  Supply Depot  
  43  3:57  SCV  
  43  3:59  Marauder  
  46  4:06  Marine x2  
  46  4:07  SCV  
  46  4:09  SCV  
  50  4:13  Supply Depot  
  50  4:19  SCV  
  50  4:21  SCV, Marauder  
  50  4:23  Factory  
  54  4:26  Marine x2  
  56  4:31  SCV  
  56  4:33  SCV  
  56  4:35  Missile Turret  
  58  4:38  Refinery  
  58  4:40  Supply Depot  
  58  4:42  Barracks Tech Lab  
  58  4:43  Marauder  
  58  4:44  Marine x2  
  62  4:48  SCV x2  
  64  5:00  SCV x2  
  64  5:01  Marauder  
  64  5:02  Marine x2  
  64  5:05  Marauder  
  72  5:07  Starport, Factory Reactor  
  72  5:13  SCV  
  73  5:16  SCV  
  73  5:19  Barracks  
  73  5:21  Supply Depot, Barracks  
  74  5:23  Combat Shields, Supply Depot  
  76  5:28  Marauder  
  76  5:30  Marauder  
  78  5:41  Concussive Shells  
  78  5:43  SCV x2, Marine x2  
  78  5:44  Supply Depot  
  82  5:50  Refinery  
  82  5:55  SCV  
  82  5:56  Supply Depot  
  83  5:57  Medivac x2  
  83  5:59  Factory Reactor  
  83  6:00  Marine x2  
  83  6:03  Marine x2  
  91  6:08  Barracks Tech Lab, Supply Depot  
  91  6:09  Marine  
  92  6:18  Marine  
  93  6:27  Marine  
  93  6:31  Marine  
  93  6:32  Medivac x2, Marauder  
  102  6:34  Command Center  
  102  6:37  Supply Depot  
  101  6:43  Marine  
  101  6:45  Marine, Marauder  
  105  6:48  Marine  
  105  6:49  Marine x2  
  105  6:53  Terran Infantry Armor Level 1, Marine  
  109  6:59  SCV  
  110  7:01  Marine  
  110  7:02  Medivac x2, Marine  
  110  7:06  Marauder  
  110  7:08  Marauder  
  110  7:25  Marine, Marauder  
  101  7:30  Marine, Marauder  
  101  7:33  Marine  
  101  7:34  Marauder  
  101  7:35  Marine  
  100  7:39  Liberator x2  
  100  7:41  SCV x2  
  100  7:43  Marine  
  107  7:47  Marauder  
  106  7:51  Marauder  
  106  7:57  Orbital Command  
  110  7:59  SCV x2  
  110  8:04  Armory  
  112  8:06  Marine x2  
  112  8:07  Marauder, Engineering Bay  
  112  8:08  Marine  
  112  8:09  Marauder  
  112  8:10  Marine  
  112  8:11  SCV x2  
  124  8:20  Marauder  
  124  8:23  SCV  
  124  8:24  Marine x2  
  127  8:28  Marauder  
  127  8:29  Liberator x2  
  118  8:40  Marine  
  108  8:41  Marauder  
  108  8:42  Marine, Marauder  
  108  8:44  Marine x2  
  116  8:50  Marauder  
  114  8:58  Marine  
  114  8:59  Marine  
  114  9:02  Marine, Marauder  
  112  9:03  Marauder  
  109  9:10  Marine  
  109  9:11  Marauder  
  109  9:12  SCV x3  
  109  9:16  Marine  
  116  9:17  Marine  
  116  9:20  Marine  
  116  9:23  Liberator  
  116  9:24  SCV x3, Marauder  
  120  9:25  Marauder, Liberator  
  120  9:26  Barracks  
  120  9:27  Marine, Barracks  
  120  9:28  Barracks  
  126  9:32  Marauder  
  126  9:34  Marine  
  126  9:35  Marine  
  126  9:36  SCV x2  
  126  9:38  Marine  
  128  9:45  Marine, Marauder  
  135  9:46  Marauder  
  135  9:52  Marine  
  135  9:53  Marine  
  135  9:54  Marauder  
  135  9:55  Marine  
  138  10:00  SCV x2  
  138  10:02  Refinery x2  
  138  10:03  Marine  
  141  10:10  Supply Depot  
  141  10:11  Supply Depot  
Show
View Real Time Build Order
Export as new Build Order

jeysen Protoss 

Build Orders: 1 Gate Expand, Double Forge, Blink Stalkers 

Get SALT Encoding   

  12  0:02  Probe  
  14  0:14  Probe  
  14  0:20  Pylon  
  14  0:26  Probe (Chrono Boost)  
  15  0:39  Gateway  
  15  0:40  Probe (Chrono Boost)  
  16  0:46  Probe (Chrono Boost)  
  17  0:54  Probe  
  17  0:55  Assimilator  
  18  1:07  Probe  
  19  1:19  Probe  
  20  1:26  Nexus  
  20  1:36  Cybernetics Core  
  20  1:38  Probe (Chrono Boost)  
  22  1:48  Assimilator  
  22  1:49  Probe (Chrono Boost)  
  22  1:54  Pylon  
  22  1:56  Probe  
  23  2:12  Probe  
  23  2:13  Stalker (Chrono Boost)  
  23  2:14  Warp Gate  
  26  2:24  Probe  
  27  2:33  Stalker  
  29  2:40  Probe (Chrono Boost)  
  31  2:48  Probe (Chrono Boost)  
  31  2:51  Robotics Facility, Probe x2 (Chrono Boost)  
  33  2:55  Probe  
  34  3:05  Twilight Council  
  34  3:07  Probe x2  
  36  3:19  Probe  
  37  3:24  Probe  
  38  3:31  Gateway, Probe  
  38  3:33  Gateway  
  39  3:34  Pylon  
  39  3:37  Probe  
  40  3:45  Probe  
  40  3:46  Observer (Chrono Boost)  
  40  3:47  Blink (Chrono Boost)  
  42  3:48  Stalker  
  42  3:51  Probe  
  45  3:56  Assimilator  
  45  3:57  Probe  
  46  4:04  Observer, Probe  
  46  4:06  Pylon  
  46  4:09  Probe  
  49  4:16  Probe  
  50  4:23  Probe  
  51  4:25  Nexus  
  51  4:30  Probe  
  52  4:32  Observer  
  52  4:37  Forge  
  52  4:38  Forge, Probe  
  54  4:40  Sentry  
  54  4:42  Pylon  
  56  4:50  Probe  
  57  4:56  Gateway  
  57  4:57  Gateway  
  57  4:58  Gateway  
  57  5:02  Stalker  
  57  5:04  Sentry  
  57  5:06  Probe  
  62  5:10  Assimilator  
  62  5:18  Pylon  
  62  5:19  Protoss Ground Armor Level 1 (Chrono Boost)  
  62  5:20  Zealot  
  64  5:25  Pylon  
  64  5:26  Protoss Ground Weapons Level 1 (Chrono Boost)  
  64  5:30  Pylon  
  65  5:35  Observer  
  65  5:38  Pylon  
  65  5:42  Probe x2  
  67  5:49  Charge (Chrono Boost)  
  67  5:51  Zealot x3  
  73  5:58  Photon Cannon  
  73  6:01  Observer  
  73  6:02  Zealot x2  
  73  6:03  Zealot  
  80  6:05  Probe x2  
  80  6:06  Probe  
  80  6:10  Pylon  
  83  6:17  Probe  
  84  6:21  Probe  
  84  6:23  Observer  
  86  6:26  Zealot x5  
  96  6:35  Templar Archives  
  96  6:36  Pylon  
  96  6:47  Zealot x2  
  96  6:48  Zealot x4  
  108  7:03  Protoss Ground Armor Level 2 (Chrono Boost)  
  108  7:14  Zealot x3  
  110  7:15  Stalker x2  
  110  7:16  Stalker  
  98  7:24  Protoss Ground Weapons Level 2 (Chrono Boost)  
  80  7:33  Gateway  
  80  7:36  Gateway  
  62  7:38  Zealot x4  
  62  7:39  Zealot x2  
  72  7:49  Immortal (Chrono Boost)  
  76  7:59  Stalker, High Templar x2  
  76  8:00  Stalker x2  
  76  8:01  Zealot  
  76  8:05  Archon  
  88  8:07  Probe (Chrono Boost)  
  88  8:10  Assimilator  
  91  8:16  Probe x2 (Chrono Boost)  
  91  8:17  Probe (Chrono Boost)  
  91  8:18  Probe  
  91  8:19  Observer  
  94  8:25  Zealot x4  
  88  8:39  Zealot x4  
  90  8:46  Zealot x4  
  90  8:47  Immortal (Chrono Boost)  
  96  8:59  Probe  
  96  9:00  Probe x2  
  75  9:10  Stalker x4  
  75  9:11  Stalker, High Templar x2  
  75  9:12  Zealot  
  75  9:15  Archon  
  93  9:17  Immortal (Chrono Boost)  
  93  9:23  Probe x3  
  96  9:24  Assimilator  
  94  9:36  Zealot x4  
  94  9:37  Zealot x2  
  92  9:46  Zealot x2  
  92  9:49  Zealot  
  84  9:54  Immortal (Chrono Boost)  
  84  9:58  High Templar x2  
  84  9:59  Zealot x4  
  90  10:11  Archon  
  90  10:15  High Templar x2  
  90  10:20  Archon  
  94  10:23  Zealot x4  
Tags
 
Add a new tag
Caveats
  • Supply blocks, unpowered buildings, or Contaminate may cause inaccurate times.
  • Supply counts are checked every 10 seconds.